Map: Oxide LE

Players

MaxPax

  • Race: Protoss Protoss
  • League: Grandmaster
  • Spawn Location: 1:00

AqueroN - Winner!

  • Race: Terran Terran
  • League: Grandmaster
  • Spawn Location: 7:00

Event: DreamHack SC2 Masters 2020 Winter

VOD

Have the link to the VOD?

Description

Time

  • Played on: Oct. 29, 2020, 12:57 p.m.
  • Length: 12:48

All games in this series

Show
View Real Time Build Order
Export as new Build Order

MaxPax Protoss 

Build Orders: Phoenix Opening 

Get SALT Encoding   

  12  0:00  Probe  
  13  0:12  Probe  
  14  0:17  Pylon  
  14  0:24  Probe (Chrono Boost)  
  16  0:36  Probe (Chrono Boost)  
  16  0:39  Gateway  
  16  0:43  Probe (Chrono Boost)  
  16  0:46  Assimilator  
  17  0:51  Probe  
  18  1:03  Probe  
  19  1:15  Probe  
  20  1:26  Cybernetics Core  
  20  1:29  Probe  
  21  1:34  Zealot  
  21  1:35  Pylon  
  21  1:39  Assimilator  
  23  1:49  Pylon  
  23  1:53  Probe  
  24  2:01  Assimilator  
  24  2:05  Probe  
  27  2:10  Stalker (Chrono Boost)  
  26  2:17  Probe  
  27  2:27  Warp Gate  
  28  2:30  Probe  
  28  2:32  Stalker  
  30  2:42  Stargate  
  31  2:51  Nexus  
  30  2:54  Probe  
  31  3:04  Pylon  
  31  3:11  Pylon  
  31  3:22  Probe, Stalker  
  34  3:28  Phoenix (Chrono Boost)  
  34  3:34  Probe  
  33  3:45  Phoenix (Chrono Boost)  
  33  3:46  Probe  
  36  4:02  Probe x2 (Chrono Boost), Phoenix (Chrono Boost)  
  40  4:12  Probe (Chrono Boost), Robotics Facility  
  40  4:14  Probe (Chrono Boost)  
  42  4:17  Probe (Chrono Boost)  
  42  4:22  Probe  
  44  4:24  Phoenix (Chrono Boost)  
  44  4:29  Probe  
  47  4:32  Pylon  
  47  4:34  Probe  
  48  4:41  Probe  
  48  4:44  Assimilator  
  49  4:46  Phoenix  
  49  4:47  Probe  
  49  4:51  Assimilator  
  52  4:53  Probe  
  52  4:59  Probe  
  54  5:04  Immortal  
  54  5:05  Probe  
  59  5:11  Probe  
  59  5:13  Gateway  
  60  5:14  Pylon  
  60  5:17  Probe  
  61  5:23  Probe  
  61  5:28  Robotics Bay  
  62  5:29  Probe  
  62  5:33  Pylon  
  62  5:35  Probe, Stalker  
  66  5:41  Probe  
  65  5:43  Phoenix  
  65  5:48  Shield Battery  
  67  5:50  Observer (Chrono Boost)  
  67  5:51  Probe  
  69  5:58  Probe  
  72  6:13  Colossus (Chrono Boost)  
  72  6:14  Pylon  
  72  6:16  Twilight Council  
  72  6:17  Zealot x2  
  80  6:24  Gateway  
  80  6:33  Nexus  
  80  6:38  Zealot x2  
  84  6:46  Extended Thermal Lance (Chrono Boost)  
  84  6:49  Colossus (Chrono Boost)  
  88  6:55  Shield Battery  
  88  6:57  Shield Battery  
  88  7:02  Zealot  
  88  7:07  Zealot  
  89  7:08  Charge  
  89  7:10  Pylon  
  89  7:12  Gateway  
  89  7:15  Shield Battery  
  89  7:22  Phoenix  
  81  7:27  Zealot x2  
  85  7:30  Shield Battery  
  85  7:35  Gateway  
  85  7:37  Shield Battery  
  85  7:38  Zealot  
  85  7:42  Gateway  
  86  7:46  Colossus (Chrono Boost), Gateway  
  80  8:02  Zealot x3  
  72  8:07  Zealot  
  72  8:10  Phoenix  
  74  8:23  Zealot x3  
  69  8:30  Zealot  
  69  8:31  Zealot  
  68  8:44  Zealot x4  
  61  8:54  Zealot  
  61  8:55  Zealot x2  
  61  9:00  Colossus (Chrono Boost)  
  51  9:08  Zealot  
  57  9:12  Sentry x3  
  57  9:16  Zealot  
  61  9:20  Zealot  
  63  9:24  Zealot  
  65  9:32  Zealot  
  69  9:40  Zealot x2  
  69  9:43  Zealot  
  73  9:57  Stalker x2  
  74  10:08  Templar Archives  
  73  10:21  Nexus  
  73  10:37  Colossus (Chrono Boost)  
  73  10:39  Pylon  
  73  10:41  Pylon  
  78  10:58  Phoenix (Chrono Boost)  
  78  11:04  Cybernetics Core  
  80  11:05  High Templar  
  80  11:06  High Templar x3  
  80  11:08  Zealot  
  80  11:10  Archon  
  90  11:12  Archon  
  90  11:13  Probe x2  
  92  11:19  Phoenix (Chrono Boost)  
  92  11:25  Probe  
  93  11:31  Probe  
  96  11:33  Probe  
  96  11:39  High Templar x2  
  101  11:40  Probe  
  101  11:41  Disruptor (Chrono Boost)  
  101  11:44  Archon  
  101  11:47  Zealot x2  
  107  11:48  Phoenix (Chrono Boost)  
  106  11:54  Probe  
  106  11:56  Zealot  
  108  12:05  Pylon  
  108  12:06  Probe  
  109  12:12  Pylon  
  109  12:19  Robotics Facility  
  109  12:21  Probe  
  92  12:33  Zealot x3  
  92  12:34  Zealot x2  
Show
View Real Time Build Order
Export as new Build Order

AqueroN Terran - Winner!

Build Orders: Cyclone Opening 

Get SALT Encoding   

  12  0:00  SCV  
  13  0:12  SCV  
  14  0:16  Supply Depot  
  14  0:24  SCV  
  14  0:27  Refinery  
  15  0:38  SCV  
  16  0:46  Barracks  
  16  0:50  SCV  
  17  1:02  SCV  
  18  1:09  Engineering Bay  
  18  1:14  SCV  
  19  1:26  SCV  
  20  1:34  Marine  
  20  1:39  Factory  
  21  1:43  Orbital Command  
  21  1:55  Reaper  
  22  2:03  Supply Depot  
  22  2:09  SCV  
  23  2:24  SCV  
  23  2:29  Marine  
  24  2:33  Factory Tech Lab  
  24  2:36  SCV  
  25  2:41  Command Center  
  25  2:48  SCV  
  26  2:52  Cyclone  
  26  2:57  Barracks Reactor  
  29  3:00  SCV  
  29  3:05  Supply Depot  
  30  3:10  Barracks  
  30  3:13  SCV  
  31  3:26  SCV  
  35  3:35  Marine x2  
  35  3:39  Barracks  
  35  3:40  Refinery, Siege Tank  
  37  3:44  SCV  
  37  3:48  Engineering Bay  
  38  3:55  Orbital Command  
  38  3:56  SCV  
  38  4:01  Marine x2  
  41  4:06  Barracks Tech Lab  
  41  4:09  SCV  
  42  4:22  Missile Turret, Marine x2  
  44  4:24  Terran Infantry Weapons Level 1  
  44  4:25  SCV  
  44  4:28  Marine  
  44  4:29  Marine  
  46  4:31  SCV  
  47  4:40  Stimpack  
  47  4:41  SCV  
  47  4:42  Marine x2  
  47  4:43  SCV  
  51  4:48  Supply Depot  
  51  4:50  Marine  
  51  4:51  Marine  
  53  4:53  SCV  
  53  5:00  Marine x2  
  53  5:01  SCV  
  53  5:05  Siege Tank  
  59  5:08  Marine x2  
  59  5:10  SCV  
  59  5:13  SCV  
  59  5:14  Supply Depot  
  63  5:17  Supply Depot, Marine  
  63  5:18  Marine  
  65  5:22  SCV  
  65  5:25  SCV  
  65  5:26  Marine x2  
  67  5:31  Starport  
  67  5:35  SCV, Marine  
  68  5:37  SCV  
  69  5:43  Marine  
  69  5:44  Marine x2  
  69  5:45  Supply Depot  
  69  5:47  Siege Tank  
  69  5:49  SCV  
  76  5:51  SCV  
  76  5:56  Marine  
  78  6:00  Marine  
  78  6:01  SCV  
  78  6:03  SCV  
  81  6:05  Bunker  
  81  6:06  Barracks Reactor  
  81  6:10  Starport Reactor  
  81  6:15  Barracks x2  
  81  6:17  Supply Depot, Refinery  
  81  6:19  Marine x3  
  84  6:26  SCV x2, Supply Depot  
  84  6:29  Siege Tank  
  89  6:36  Marine x2  
  89  6:38  SCV x2  
  93  6:41  Marine x3  
  95  6:54  Medivac  
  96  6:55  Marine x2  
  96  6:57  SCV x2  
  96  6:59  Marine  
  101  7:08  Marine x2  
  101  7:09  Marine x2  
  101  7:11  SCV x2  
  101  7:13  Marine  
  104  7:23  Medivac  
  104  7:24  Medivac  
  104  7:25  SCV x2  
  104  7:26  Marine  
  110  7:35  Supply Depot  
  110  7:36  Supply Depot  
  110  7:46  Marine  
  110  7:52  Marine x2  
  110  7:53  Marine x2  
  94  7:58  Marine x2  
  94  8:02  Siege Tank  
  94  8:05  Marine  
  91  8:06  Liberator  
  91  8:09  SCV x2  
  91  8:10  Marine x2  
  91  8:11  Command Center  
  95  8:23  Marine x2  
  85  8:28  Marine x2  
  85  8:29  Marine x3  
  85  8:30  Combat Shield  
  87  8:34  Viking  
  87  8:36  SCV  
  87  8:41  Marine x2  
  89  8:46  Marine x3  
  89  8:47  Marine x2  
  92  8:49  SCV x2  
  81  9:03  Marine  
  81  9:05  Marine x6  
  83  9:11  SCV x2  
  83  9:19  Medivac x2  
  83  9:21  Marine  
  83  9:22  Marine  
  83  9:23  Marine x5  
  94  9:25  SCV x2  
  94  9:28  Terran Infantry Armor Level 1  
  96  9:37  SCV x2  
  98  9:38  Siege Tank  
  98  9:39  Marine  
  98  9:40  Marine  
  98  9:42  Orbital Command  
  98  9:45  Marine x2  
  105  9:46  Marine  
  105  9:49  SCV  
  105  9:50  SCV  
  108  9:57  Viking  
  108  9:58  Viking, Marine  
  108  9:59  Marine  
  114  10:02  Marine x2  
  116  10:13  Marine x2  
  119  10:14  SCV x3, Refinery  
  119  10:16  Refinery, Marine, Siege Tank  
  125  10:22  Marine x2  
  124  10:30  Barracks Tech Lab x2  
  124  10:31  Marine x2  
  124  10:34  Marine  
  126  10:40  Marine x2  
  126  10:41  Viking x2  
  132  10:48  SCV x3, Siege Tank  
  132  10:49  Barracks x2  
  138  10:50  Supply Depot, Refinery  
  138  10:53  Supply Depot  
  138  11:01  Marine x3  
  138  11:02  Marauder x2, Marine  
  141  11:07  Supply Depot, Marauder  
  143  11:16  Medivac x2  
  147  11:24  Marauder x2  
  146  11:27  Siege Tank  
  149  11:39  Missile Turret  
  149  11:41  Missile Turret, Ghost Academy  
  149  11:42  Marauder, Marine x4  
  149  11:46  Missile Turret  
  155  11:54  Supply Depot x2  
  155  11:59  Marauder x2  
  155  12:00  Siege Tank  
  162  12:01  Medivac x2  
  162  12:06  Marine x2  
  162  12:07  Marine x2  
  170  12:13  Supply Depot  
Tags
 
Add a new tag
Caveats
  • Supply blocks, unpowered buildings, or Contaminate may cause inaccurate times.
  • Supply counts are checked every 10 seconds.